 Dungeon Crawl Stone Soup version 0.28.0-45-g0d030f2227 (webtiles) character file.

Game seed: 8378940593577841090

1241 Peloso the Slasher (level 8, 0/106 HPs)
             Began as a Minotaur Fighter on Apr 16, 2022.
             Slain by Crazy Yiuf
             ... wielding a +3 quarterstaff of chaos
              (7 damage)
             ... on level 2 of the Dungeon.
             The game lasted 00:06:23 (6234 turns).

Peloso the Slasher (Minotaur Fighter)               Turns: 6234, Time: 00:06:24

Health: 0/106      AC: 24    Str: 21    XL:     8   Next: 25%
Magic:  0/7        EV:  2    Int:  5    God:
Gold:   274        SH:  5    Dex: 12    Spells: 7/7 levels left

rFire   . . .      SeeInvis .   a - +0 long sword
rCold   . . .      Faith    .   c - +0 buckler
rNeg    . . .      Spirit   .   (armour currently unavailable)
rPois   +          Reflect  .   (helmet currently unavailable)
rElec   .          Harm     .   (cloak currently unavailable)
rCorr   .          Rampage  .   (gloves currently unavailable)
Will    .....      NoTele   +   (boots currently unavailable)
Stlth   ++........              (no amulet)
HPRegen 0.27/turn               (no ring)
MPRegen 0.10/turn               (no ring)

@: agile, lethally poisoned (0 -> -5), tree-form
A: stationary, stasis, torment immunity, boosted hp, (horns 2), (retaliatory
headbutt)
a: no special abilities


You were on level 2 of the Dungeon.
You were a tree.
You visited 1 branch of the dungeon, and saw 6 of its levels.

You collected 274 gold pieces.

Inventory:

Hand Weapons
 a - a +0 long sword (weapon)
Armour
 b - a +0 scale mail (melded)
 c - a +0 buckler (worn)
Jewellery
 k - an amulet of the acrobat
Scrolls
 e - 5 scrolls of identify {unknown}
 f - a scroll of fog {unknown}
 g - a scroll of vulnerability {unknown}
 j - a scroll of teleportation {unknown}
Potions
 d - a potion of might
 h - a potion of invisibility {unknown}
 i - a potion of lignification
 l - a potion of brilliance {unknown}
 m - a potion of curing {unknown}
 n - a potion of degeneration {unknown}


   Skills:
 + Level 6.5 Fighting
 + Level 7.5 Long Blades
 + Level 6.6 Armour
 + Level 2.9 Dodging
 + Level 1.1 Stealth
 + Level 5.1 Shields


You had 7 spell levels left.
You didn't know any spells.
Your spell library contained the following spells:

 Spells                   Type           Power      Damage    Failure   Level
 Freeze                   Ice            0%         1d3       56%         1
 Frozen Ramparts          Ice            0%         1d2       90%         3
 Ignite Poison            Fire/Tmut/Pois 0%         N/A       90%         3
 Mephitic Cloud           Conj/Pois/Air  0%         N/A       90%         3
 Hailstorm                Conj/Ice       0%         3d3       100%        4
 Freezing Cloud           Conj/Ice/Air   0%         6-21      100%        5


Dungeon Overview and Level Annotations

Branches:
Dungeon (6/15)
 Temple: D:4-7

Altars:

Annotations:
D:2 Crazy Yiuf


Innate Abilities, Weirdness & Mutations

You are a tree.
Your roots penetrate the ground, keeping you stationary.
You cannot be teleported.
You are immune to unholy pain and torment.
Your maximum health is greatly increased.
Your equipment is partially melded.
((You have a pair of horns on your head.))
((You reflexively headbutt those who attack you in melee.))


Message History

Crazy Yiuf is heavily wounded.
Crazy Yiuf hits you but does no damage.
Your limbs are stiffening.
You barely miss Crazy Yiuf.
Crazy Yiuf is heavily wounded.
You block Crazy Yiuf's attack.
Crazy Yiuf hits you with a +3 quarterstaff of chaos!
You are poisoned.
You have turned to stone.
Crazy Yiuf hits you with a +3 quarterstaff of chaos.
You easily resist.
Crazy Yiuf barely misses you.
Crazy Yiuf laughs, "Line light arga!"
Crazy Yiuf hits you with a +3 quarterstaff of chaos.
Crazy Yiuf burns you.
Crazy Yiuf hits you with a +3 quarterstaff of chaos.
You easily resist.
Crazy Yiuf says, "Cholesterol pizzabubble sanguine!"
Crazy Yiuf hits you with a +3 quarterstaff of chaos!
Crazy Yiuf hits you with a +3 quarterstaff of chaos!
You feel your power leaking away.
Crazy Yiuf hits you with a +3 quarterstaff of chaos!
You feel agile all of a sudden.
Crazy Yiuf hits you with a +3 quarterstaff of chaos!
Crazy Yiuf burns you.
Crazy Yiuf hits you with a +3 quarterstaff of chaos.
Crazy Yiuf hits you with a +3 quarterstaff of chaos!
Crazy Yiuf burns you.
You turn to flesh and can move again.
You hit Crazy Yiuf but do no damage.
Crazy Yiuf is heavily wounded.
You feel sick.
Crazy Yiuf hits you with a +3 quarterstaff of chaos!
* * * LOW HITPOINT WARNING * * *
You are electrocuted!
* * * LOW HITPOINT WARNING * * *
It was a potion of lignification.
You turn into a tree.
Your +0 scale mail melds into your body.
Your roots penetrate the ground.
You feel sick.
Crazy Yiuf hits you with a +3 quarterstaff of chaos!
You die...

#......### ####.##...
#....#. ###..##.#
#....#...
♣♣♣♣♣##....#... ###
♣♣♣.♣........#)#.
#...#♣..♣.♣.....#.##.#
#...g♣♣♣♣♣P.....#.....
#)..#♣♣ ♣♣P...##.#...
### ♣♣##........ ####
####.#... #..#
#......>. #.#####
#.##..... #.###.#####
#.##..... #.#.......#
#.##.....
####.#.#.###.#
#.####...


You could see Crazy Yiuf.

Vanquished Creatures
  Menkaure (D:4)
  A black bear (D:2)
  2 ice beasts (D:5)
  3 phantoms
  A scorpion (D:4)
  A centaur zombie (D:6)
  A hound (D:4)
  5 jellies
  2 orc priests (D:5)
  Jessica (D:2)
  A centaur skeleton (D:5)
  A scorpion zombie (D:5)
  An iguana (D:4)
  An orc wizard (D:3)
  3 gnolls
  3 adders
  An adder skeleton (D:2)
  A worm (D:2)
  A dart slug (D:5)
  8 orcs
  5 ball pythons
  14 endoplasms
  6 goblins
  7 hobgoblins
  11 jackals
  4 quokkas
  2 bats
  4 frilled lizards
  10 kobolds
  A quokka skeleton (D:4)
  7 rats
110 creatures vanquished.

Vanquished Creatures (others)
  13 fungi
  6 plants (D:1)
  7 toadstools (D:2)
26 creatures vanquished.

Grand Total: 136 creatures vanquished

Notes
Turn   | Place    | Note
-------+----------+-------------------------------------------
     0 | D:1      | Peloso the Minotaur Fighter began the quest for the Orb.
     0 | D:1      | Reached XP level 1. HP: 19/19 MP: 0/0
   478 | D:1      | Found a faded altar of an unknown god.
   506 | D:1      | Reached XP level 2. HP: 19/27 MP: 1/1
   909 | D:1      | Reached skill level 3 in Long Blades
   911 | D:1      | Reached XP level 3. HP: 22/33 MP: 2/2
  1267 | D:2      | Noticed a black bear
  1278 | D:2      | Killed a black bear
  1279 | D:2      | Reached skill level 4 in Long Blades
  1279 | D:2      | Reached XP level 4. HP: 11/40 MP: 3/3
  1607 | D:2      | Noticed Jessica
  1617 | D:2      | Killed Jessica
  1618 | D:2      | Reached XP level 5. HP: 37/47 MP: 4/4
  1879 | D:2      | Reached skill level 5 in Armour
  2034 | D:2      | Found a runed translucent door.
  2035 | D:2      | Noticed Crazy Yiuf
  2144 | D:2      | Reached skill level 1 in Dodging
  2334 | D:2      | Reached XP level 6. HP: 36/53 MP: 5/5
  2378 | D:2      | Reached skill level 5 in Long Blades
  3524 | D:4      | Reached skill level 5 in Fighting
  3773 | D:4      | Noticed Menkaure
  3782 | D:4      | Killed Menkaure
  3783 | D:4      | Reached XP level 7. HP: 17/61 MP: 6/6
  4096 | D:4      | Reached skill level 6 in Long Blades
  4637 | D:5      | Entered Level 5 of the Dungeon
  4972 | D:5      | Reached skill level 7 in Long Blades
  5025 | D:4      | Reached XP level 8. HP: 13/70 MP: 7/7
  5298 | D:5      | Reached skill level 1 in Stealth
  5385 | D:5      | Reached skill level 5 in Shields
  6234 | D:2      | Slain by Crazy Yiuf

Illustrated notes

Levels and vault maps discovered:
D:1:      eino_arrival_water_cross, layout_loops_ring,
          shapermc_ecumenical_altar_mp_urbaneastern, hangedman_decor_opposing
D:2:      cheibrodos_fertilizer, layout_loops_cross, wad_floor_pattern_2,
          minmay_distorted, uniq_jessica, uniq_crazy_yiuf_cottage
D:3:      layout_loops_ring
D:4:      layout_basic, corexii_item_surrounded_by_moat, uniq_menkaure
D:5:      layout_loops_cross, minmay_misc_feat_room
D:6:      layout_basic, mainiacjoe_overflow_boulevard, uniq_sigmund

Skill      XL: |  1  2  3  4  5  6  7  8 |
---------------+-------------------------+-----
Armour         | 4 5 6 |  6.6
Long Blades    | 3 4 5 7 |  7.5
Fighting       | 4 5 6 |  6.5
Shields        | 4 5 |  5.1
Dodging        | 1 2 |  2.9
Stealth        | 1 |  1.1

Action                   |  1- 3 |  4- 6 |  7- 9 || total
-------------------------+-------+-------+-------++-------
Melee: Long sword        |    60 |   127 |    94 ||   281
       Headbutt          |     5 |    16 |    19 ||    40
  Use: Potion            |       |       |     1 ||     1
Armor: Scale mail        |    44 |    51 |    36 ||   131
Dodge: Dodged            |    37 |    58 |    45 ||   140
Block: Buckler           |    18 |    26 |    24 ||    68
